 Dungeon Crawl Stone Soup version 0.30-a0-743-gbfdf073431 (webtiles) character file.

Game seed: 13296756947828075208

21 tio the Vexing (level 2, 0/19 HPs)
             Began as a Demonspawn Enchanter on Feb 8, 2023.
             Slain by a worm (4 damage)
             ... on level 2 of the Dungeon.
             The game lasted 00:07:28 (1143 turns).

tio the Vexing (Demonspawn Enchanter)               Turns: 1143, Time: 00:07:28

Health: 0/19       AC:  7    Str:  8    XL:     2   Next: 65%
Magic:  5/5        EV: 11    Int: 25    God:
Gold:   46         SH:  0    Dex: 13    Spells: 5/5 levels left

rFire   . . .      SeeInvis .    d - +0 hand axe
rCold   . . .      Faith    .    (no shield)
rNeg    . . .      Spirit   .    f - +0 leather armour
rPois   .          Reflect  .    n - +0 helmet {Int+3}
rElec   .          Harm     .    (no cloak)
rCorr   .          Rampage  .    h - +0 pair of gloves
Will    .....                    (no boots)
Stlth   ++                       (no amulet)
HPRegen 0.23/turn                m - +6 ring of intelligence
MPRegen 0.09/turn                (no ring)

@: invisible
A: slimy green scales 1
a: no special abilities


You were on level 2 of the Dungeon.
You visited 1 branch of the dungeon, and saw 2 of its levels.

You collected 46 gold pieces.

Inventory:

Hand Weapons
 a - a +1 dagger
 d - a +0 hand axe (weapon)
Missiles
 o - a throwing net (quivered)
Armour
 b - a +0 robe
 f - a +0 leather armour (worn)
 h - a +0 pair of gloves (worn)
 n - a +0 helmet of intelligence (worn)
Jewellery
 m - a +6 ring of intelligence (left hand)
Scrolls
 e - a scroll of immolation
 g - 2 scrolls of teleportation
Potions
 c - a potion of invisibility
 i - a potion of attraction {unknown}
 j - a potion of lignification {unknown}
 k - a potion of haste {unknown}
 l - a potion of ambrosia {unknown}


   Skills:
 + Level 1.2 Short Blades
 + Level 2.1 Dodging
 + Level 2.9 Stealth
 + Level 2.1 Spellcasting
 + Level 3.3 Hexes


You had 5 spell levels left.
You didn't know any spells.
Your spell library contained the following spells:

 Spells                   Type           Power      Damage    Failure   Level
 Ensorcelled Hibernation  Hex/Ice        20%        N/A       12%         2
 Confusing Touch          Hex            19%        N/A       12%         3
 Tukima's Dance           Hex            19%        N/A       12%         3
 Dazzling Flash           Conj/Hex       20%        N/A       24%         3


Dungeon Overview and Level Annotations

Branches:
Dungeon (2/15)

Altars:


Innate Abilities, Weirdness & Mutations

You are partially covered in slimy green scales. (AC +2)


Message History

o - a throwing net You hit the worm but do no damage.
The worm bites you.
You barely miss the worm. You hit the worm but do no damage.
The worm bites you.
You hit the worm.
The worm is moderately wounded.
The worm bites you!
You hit the worm but do no damage.
The worm is moderately wounded.
The worm closely misses you.
You barely miss the worm.
The worm is moderately wounded.
The worm bites you but does no damage.
You barely miss the worm.
The worm is lightly wounded.
You hit the worm.
The worm is moderately wounded.
The worm closely misses you.
You barely miss the worm.
The worm is moderately wounded.
The worm misses you.
You barely miss the worm.
The worm is lightly wounded.
The worm closely misses you.
You barely miss the worm.
The worm is lightly wounded.
The worm closely misses you.
You hit the worm.
The worm is lightly wounded.
You barely miss the worm.
The worm is lightly wounded.
The worm bites you.
* * * LOW HITPOINT WARNING * * *
You hit the worm.
The worm is moderately wounded.
The worm bites you.
* * * LOW HITPOINT WARNING * * *
You fade into invisibility!
The worm bites you.
You die...

#.#.........
#.#.......[.
###.#.........
............. #
#.#......... ..
#........... #.####
#...........
...###..@w.......
###+##..##..........^
#........#...........
#....................
#.......#............
###+###<#............
#.##.>.........
#.##..#########
#.##..#


You could see a worm (unable to see you).

Vanquished Creatures
  A ball python (D:1)
  2 endoplasms
  A giant cockroach (D:1)
  A goblin (D:1)
  3 hobgoblins (D:1)
  2 kobolds (D:1)
  2 quokkas
  3 bats (D:1)
  2 rats (D:1)
17 creatures vanquished.

Notes
Turn   | Place    | Note
-------+----------+-------------------------------------------
     0 | D:1      | tio the Demonspawn Enchanter began the quest for the Orb.
     0 | D:1      | Reached XP level 1. HP: 13/13 MP: 3/3
   154 | D:1      | Found a faded altar of an unknown god.
   295 | D:1      | Reached skill level 1 in Short Blades
   295 | D:1      | Gained mutation: You are partially covered in slimy green
                  | scales. (AC +2) [demonic ancestry]
   295 | D:1      | Reached XP level 2. HP: 19/19 MP: 5/5
  1143 | D:2      | Slain by a worm

Illustrated notes

Levels and vault maps discovered:
D:1:      dpeg_arrival_arbitrary_a, layout_basic,
          chequers_ecumenical_altar_island
D:2:      layout_basic, serial_shops, shop_statue, uniq_natasha

Skill      XL: |  1  2 |
---------------+-------+-----
Short Blades   | 1 |  1.2
Dodging        | 2 |  2.1
Stealth        | |  2.9
Spellcasting   | |  2.1
Hexes          | |  3.3

Action                     || total
---------------------------++-------
  Melee: Hand axe          ||    75
         Dagger            ||    13
    Use: Scroll            ||     3
         Potion            ||     1
   Stab: Sleeping          ||     2
 Armour: Robe              ||    11
         Leather armour    ||     8
  Dodge: Dodged            ||    64

Table legend: (Time is in decaauts)
 A = Elapsed time spent in this place.
 B = Non-inter-level travel time spent in this place.
 C = Inter-level travel time spent in this place.
 D = Time resting spent in this place.
 E = Time spent auto-exploring this place.
 F = Levels seen in this place.
 G = Mean time per level.
                   A        B        C        D        E       F      G
               +--------+--------+--------+--------+--------+-----+--------+
         Total |   1170 |    981 |    189 |      0 |    765 |   2 |  585.0 |
       Dungeon |   1170 |    981 |    189 |      0 |    765 |   2 |  585.0 |
               +--------+--------+--------+--------+--------+-----+--------+

Top non-repeatable levels by time:
     D:1: 1029 daAuts
     D:2: 141 daAuts
